 Dungeon Sprint DCSS version 0.29-a0-643-ga013cefcf8 (webtiles) character file.

Game seed: 16883070471385953517

2900000 greenreed the Axe Maniac (level 20, -57/181 HPs)
             Began as a Djinni Necromancer on June 19, 2022.
             Annihilated by a large bag of meat
             ... wielding a +9 giant spiked club
              (114 damage)
             ... in the Dungeon (Sprint VIII: "Arena of Blood").
             The game lasted 00:01:39 (29 turns).

greenreed the Axe Maniac (Djinni Necromancer)         Turns: 29, Time: 00:01:40

Health: -57/181    AC:  2    Str: 13    XL:     20   Next: 46%
Gold:   0          EV: 25    Int: 21    God:
                   SH:  0    Dex: 13

rFire   + + .      SeeInvis .   g - +∞ Axe of Woe
rCold   x . .      Faith    .   (shield currently unavailable)
rNeg    . . .      Spirit   .   a - +0 robe
rPois   ∞          Reflect  .   (no helmet)
rElec   .          Harm     .   (no cloak)
rCorr   .          Rampage  .   (no gloves)
Will    ++...      NoTele   +   (boots unavailable)
Stlth   +++++++++.              (no amulet)
HPRegen 0.40/turn               (no ring)
MPRegen 0.00/turn               (no ring)

@: flying
A: sickness immunity, fire resistance 2, cold vulnerability 1, float, innate
caster, HP casting, extra vitality 1
a: no special abilities


You were in the Dungeon.
You visited 1 branch

Inventory:

Hand Weapons
 g - the +∞ Axe of Woe (weapon)
   (You found it in the Dungeon)
Armour
 a - a +0 robe (worn)
Scrolls
 f - a scroll of blinking
Potions
 b - a potion of curing
 c - a potion of heal wounds
 d - a potion of haste
 e - a potion of berserk rage


   Skills:
 O Level 27 Fighting
 + Level 7.1(8.5) Short Blades
 + Level 7.1(8.5) Long Blades
 O Level 27 Axes
 + Level 6.0(19.2) Maces & Flails
 + Level 6.0(19.2) Polearms
 + Level 6.6(9.0) Staves
 + Level 6.0(7.2) Slings
 + Level 6.0 Bows
 + Level 6.0 Crossbows
 + Level 6.0(7.2) Throwing
 + Level 7.2 Armour
 O Level 27 Dodging
 O Level 27 Stealth
 + Level 7.2 Shields
 + Level 7.2 Unarmed Combat
 + Level 20.9 Spellcasting
 + Level 7.2 Invocations
 + Level 7.2 Evocations


You had 8 spell levels left.
You knew the following spells:

 Your Spells              Type           Power      Damage    Failure   Level
a - Necrotize             Necr           100%       1d9       0%          1
b - Vampiric Draining     Necr           83%        2d11      0%          3
c - Animate Dead          Necr           83%        N/A       0%          4
d - Agony                 Necr           83%        N/A       0%          5
e - Magic Dart            Conj           100%       1d8       0%          1
f - Static Discharge      Conj/Air       83%        N/A       0%          2
g - Gell's Gravitas       Tloc           83%        N/A       0%          3
h - Leda's Liquefaction   Hex/Erth       41%        N/A       0%          4
i - Blade Hands           Tmut           41%        N/A       0%          5
j - Iskenderun's Battles  Conj           83%        2d13      0%          5
k - Statue Form           Tmut/Erth      55%        N/A       1%          6
l - Starburst             Conj/Fire      41%        6d12      1%          6
m - Storm Form            Tmut/Air       41%        N/A       1%          7
Your spell library was empty.

Dungeon Overview and Level Annotations

Branches:
Dungeon (1/1)

Altars:
Makhleb


Innate Abilities, Weirdness & Mutations

You are immune to sickness and miasma.
You are immune to poison.
Your flesh is very heat resistant. (rF++)
You are vulnerable to cold. (rC-)
You float through the air rather than walking.
You learn spells naturally, not from books.
Your magical power is your life essence.
You have superior vitality. (+4 MHP)


Message History

You slash the large bag of meat!
Flame seeps out of the large bag of meat.
You slaughter the large bag of meat joyfully.
The large bag of meat explodes!
The fiery explosion engulfs the bag of meat!!!
The fiery explosion engulfs you! You resist.
The destroyer appears out of thin air!
A destroyer comes into view. It is wielding a +9 vorpal great sword.
You are engulfed in blazing flames.
You resist.
The destroyer shouts!
You hear a shout! x4
A bag of meat comes into view. It is wielding a +9 war axe.
You hear a shout! x3
Your Spellcasting skill gained 13 levels and is now at level 16!
You have reached level 20!
You feel clever.
You are engulfed in blazing flames.
You resist.
You hear a shout! x7
The bag of meat is engulfed in blazing flames.
The bag of meat hits you with a +9 war axe!!!
You hear a shout! x3
Items here: ))))) ===== †††.
Unknown command.
You carve the bag of meat like a ham!!!
You butcher the bag of meat messily.
You kill the bag of meat!
You slash the bag of meat!
You butcher the bag of meat messily.
You kill the bag of meat!
You hit the bag of meat.
You butcher the bag of meat messily.
You kill the bag of meat!
The eight-headed meat hydra appears out of thin air!
An eight-headed meat hydra comes into view.
You hear a shout! x10
Your Spellcasting skill gained 4 levels and is now at level 20!
Unknown command.
Unknown command.
Unknown command.
The large bag of meat attacks as you move away!
The large bag of meat hits you with a +9 giant spiked club!!!
The large bag of meat hits you with a +9 giant spiked club!!!!
Ouch! That really hurt!
You die...

.....## ##.....
................
.......#V#..o...
....ooo....o.o.#
...oD......o....
......o..Oo.....
.....ooo.Oo.....
......§@O)......
..#...§§O.#....
#...)§).# .
.###.....).###...
......###........
......_....V....
...#.....#......
...#_.<._#......
.. #.....#......


You could see an eight-headed meat hydra (wandering), 2 destroyers, 2 large bags
of meat, 2 meat berserkers and 14 bags of meat.

Vanquished Creatures
  A vampire knight (D)
  5 ogres (D)
  2 two-headed ogres (D)
  22 orcs (D)
30 creatures vanquished.

Notes
Turn   | Place    | Note
-------+----------+-------------------------------------------
     0 | D        | Found the +∞ Axe of Woe
     0 | D        | greenreed the Djinni Necromancer began the quest for the
                  | Orb.
     0 | D        | greenreed set off with the following spells memorised:
                  | Necrotize, Vampiric Draining, Animate Dead, Agony.
     0 | D        | Reached XP level 1. HP: 15/15 MP: 0/0
     2 | D        | Noticed a bag of meat
     4 | D        | Noticed a bag of meat
     6 | D        | Killed a bag of meat
     6 | D        | Noticed a meat berserker
     6 | D        | Noticed a meat berserker
     7 | D        | Reached XP level 2. HP: 21/21 MP: 0/0
     7 | D        | Reached XP level 3. HP: 25/25 MP: 0/0
     7 | D        | Learned a level 1 spell: Magic Dart
     7 | D        | Reached XP level 4. HP: 31/31 MP: 0/0
     7 | D        | Reached XP level 5. HP: 35/35 MP: 0/0
     7 | D        | Learned a level 2 spell: Static Discharge
     7 | D        | Reached XP level 6. HP: 40/40 MP: 0/0
     7 | D        | Reached XP level 7. HP: 45/45 MP: 0/0
     7 | D        | Learned a level 3 spell: Gell's Gravitas
     7 | D        | Reached XP level 8. HP: 50/50 MP: 0/0
     7 | D        | Reached XP level 9. HP: 55/55 MP: 0/0
     7 | D        | Learned a level 4 spell: Leda's Liquefaction
     7 | D        | Reached XP level 10. HP: 60/60 MP: 0/0
     7 | D        | Reached XP level 11. HP: 65/65 MP: 0/0
     7 | D        | Learned a level 5 spell: Blade Hands
     7 | D        | Killed a bag of meat
     8 | D        | Reached skill level 1 in Fighting
     8 | D        | Reached XP level 12. HP: 74/74 MP: 0/0
     8 | D        | Noticed a meat berserker
     8 | D        | Noticed a bag of meat
     8 | D        | Noticed a bag of meat
     8 | D        | Noticed a bag of meat
     9 | D        | Killed a meat berserker
    10 | D        | Reached skill level 15 in Dodging
    10 | D        | Reached XP level 13. HP: 83/83 MP: 0/0
    10 | D        | Learned a level 5 spell: Iskenderun's Battlesphere
    10 | D        | Noticed a meat berserker
    10 | D        | Noticed a bag of meat
    11 | D        | Killed a meat berserker
    11 | D        | Killed a meat berserker
    12 | D        | Reached skill level 27 in Axes
    12 | D        | Reached XP level 14. HP: 96/96 MP: 0/0
    12 | D        | Reached XP level 15. HP: 101/101 MP: 0/0
    12 | D        | Learned a level 6 spell: Statue Form
    13 | D        | Reached skill level 15 in Stealth
    14 | D        | Noticed a large bag of meat
    15 | D        | Killed a meat berserker
    16 | D        | Reached XP level 16. HP: 118/118 MP: 0/0
    18 | D        | Noticed a destroyer
    18 | D        | Noticed a meat berserker
    19 | D        | Reached XP level 17. HP: 136/136 MP: 0/0
    19 | D        | Learned a level 6 spell: Starburst
    19 | D        | Noticed a large bag of meat
    19 | D        | Killed a destroyer
    20 | D        | Reached skill level 27 in Dodging
    20 | D        | Noticed a large bag of meat
    22 | D        | Noticed a meat berserker
    22 | D        | Noticed a meat berserker
    24 | D        | Reached XP level 18. HP: 166/166 MP: 0/0
    24 | D        | Killed a large bag of meat
    24 | D        | Noticed a destroyer
    24 | D        | Noticed a meat berserker
    25 | D        | Reached skill level 27 in Fighting
    25 | D        | Reached skill level 27 in Stealth
    25 | D        | Killed a meat berserker
    25 | D        | Noticed a large bag of meat
    26 | D        | Reached XP level 19. HP: 161/174 MP: 0/0
    26 | D        | Learned a level 7 spell: Storm Form
    26 | D        | Killed a large bag of meat
    26 | D        | Noticed a destroyer
    27 | D        | Reached XP level 20. HP: 145/181 MP: 0/0
    29 | D        | Noticed an eight-headed meat hydra
    29 | D        | Annihilated by a large bag of meat

Illustrated notes

Levels and vault maps discovered:
D:        meatsprint

Skill      XL: |  1  2  3  4  5  6  7  8  9 10 11 12 13 14 15 16 17 18 19 20 |
---------------+-------------------------------------------------------------+-----
Axes           | 18 21 24 27 | 27.0
Dodging        | 11 13 15 18 23 26 27 | 27.0
Stealth        | 8 9 11 14 18 20 25 27 | 27.0
Fighting       | 1 4 7 12 17 26 27 | 27.0
Short Blades   | 7 |  7.1
Long Blades    | 7 |  7.1
Maces & Flails | 6 |  6.0
Polearms       | 6 |  6.0
Staves         | 6 |  6.6
Slings         | 6 |  6.0
Bows           | 6 |  6.0
Crossbows      | 6 |  6.0
Throwing       | 6 |  6.0
Armour         | 7 |  7.2
Shields        | 7 |  7.2
Unarmed Combat | 7 |  7.2
Invocations    | 7 |  7.2
Evocations     | 7 |  7.2
Spellcasting   | 16 20 | 20.9

Action                   |  1- 3 |  4- 6 |  7- 9 | 10-12 | 13-15 | 16-18 | 19-21 || total
-------------------------+-------+-------+-------+-------+-------+-------+-------++-------
Melee: Executioner's axe |     1 |       |       |     2 |     3 |     8 |     2 ||    16
Dodge: Dodged            |       |       |       |     1 |       |       |       ||     1

Table legend: (Time is in decaauts)
 A = Elapsed time spent in this place.
 B = Non-inter-level travel time spent in this place.
 C = Inter-level travel time spent in this place.
 D = Time resting spent in this place.
 E = Time spent auto-exploring this place.
 F = Levels seen in this place.
 G = Mean time per level.
                   A        B        C        D        E       F      G
               +--------+--------+--------+--------+--------+-----+--------+
         Total |     25 |     25 |      0 |      0 |      0 |   1 |   25.0 |
       Dungeon |     25 |     25 |      0 |      0 |      0 |   1 |   25.0 |
               +--------+--------+--------+--------+--------+-----+--------+

Top non-repeatable levels by time:
       D: 25 daAuts
